[ AOE2 MATCH · #482151092 ]
UnrankedPersians vs Mongols
[ REPLAY ANALYSIS · EXTRACTED FROM THE RECORDED GAME ]
Feudal
10:27
Castle
14:08
Imperial
34:36
| APM avg | 37.9 |
| APM peak | 84 |
| eAPM avg | 19.0 |
| Villagers / military | 120 / 125 |
Focus
⚔️ 29.9% · 🌾 70.1%
Camel Scout ×62 · Knight ×60 · Monk ×3
Feudal
11:46
Castle
15:42
Imperial
31:45
| APM avg | 64.2 |
| APM peak | 109 |
| eAPM avg | 32.5 |
| Villagers / military | 200 / 148 |
Focus
⚔️ 30.8% · 🌾 69.2%
Mangudai ×106 · Scout Cavalry ×22 · Battering Ram ×9 · Trebuchet (Packed) ×7 · Camel Scout ×4
Feudal
10:08
Castle
22:45
Imperial
39:47
| APM avg | 33.0 |
| APM peak | 77 |
| eAPM avg | 14.6 |
| Villagers / military | 121 / 107 |
Focus
⚔️ 30.1% · 🌾 69.9%
Knight ×74 · Leitis ×23 · Scout Cavalry ×8 · Monk ×2
Feudal
11:38
Castle
15:21
Imperial
30:27
| APM avg | 33.3 |
| APM peak | 66 |
| eAPM avg | 17.3 |
| Villagers / military | 196 / 79 |
Focus
⚔️ 20.6% · 🌾 79.4%
Scout Cavalry ×45 · Ballista Elephant ×33 · Trade Cart ×20 · Battering Ram ×1
Feudal
11:25
Castle
16:04
Imperial
—
| APM avg | 26.5 |
| APM peak | 58 |
| eAPM avg | 10.3 |
| Villagers / military | 45 / 29 |
Focus
⚔️ 26.4% · 🌾 73.6%
Mangudai ×23 · Scorpion ×3 · Steppe Lancer ×3
Feudal
10:32
Castle
14:27
Imperial
—
| APM avg | 52.3 |
| APM peak | 107 |
| eAPM avg | 17.8 |
| Villagers / military | 90 / 83 |
Focus
⚔️ 22.6% · 🌾 77.4%
Hussite Wagon ×76 · Petard ×7
Feudal
9:27
Castle
24:44
Imperial
—
| APM avg | 29.9 |
| APM peak | 59 |
| eAPM avg | 13.5 |
| Villagers / military | 83 / 40 |
Focus
⚔️ 16.6% · 🌾 83.4%
Archer ×31 · Longbowman ×5 · Mangonel ×4
Feudal
11:37
Castle
15:32
Imperial
33:43
| APM avg | 40.8 |
| APM peak | 94 |
| eAPM avg | 17.6 |
| Villagers / military | 124 / 116 |
Focus
⚔️ 38.2% · 🌾 61.8%
Spearman ×67 · Camel Scout ×46 · Trebuchet (Packed) ×3
Match map
Initial resources + every placement click. Lines = walls · curves = elevation contours. ◆ gold · ⬟ stone · ● berries · ✦ relic · ◌ wall gap
Your base· ✓ Closed at 14:08 · 0t walls · 7 gate(s)
hatke104's base· ✓ Closed at 15:42 · 0t walls · 6 gate(s)
[VPKT] MeelTex's base· ✓ Closed at 22:45 · 84t walls · 8 gate(s)
donte's base· ✓ Closed at 15:21 · 0t walls · 5 gate(s)
VPKT malili's base· ✓ Closed at 16:04 · 1t walls · 9 gate(s)
刀他(她)'s base· ✓ Closed at 14:27 · 1t walls · 6 gate(s)
[VPKT] Anteo's base· ✓ Closed at 24:44 · 17t walls · 9 gate(s)
PapusPopus's base· ✓ Closed at 15:32 · 0t walls · 6 gate(s)
Smoothed initial terrain · ◌ = detected wall gap · hover for details
Inputs per minute
— NitwoL - - hatke104
Build order — NitwoL
First 150 of 407 actions detected
| 0:01 | Create | Villager (Male) |
| 0:01 | Create | Villager (Male) |
| 0:04 | Build | House |
| 0:04 | Build | House |
| 0:17 | Create | Villager (Male) |
| 0:34 | Create | Villager (Male) |
| 0:54 | Create | Villager (Male) |
| 1:41 | Create | Villager (Male) |
| 1:41 | Create | Villager (Male) |
| 1:58 | Create | Villager (Male) |
| 2:14 | Build | Lumber Camp |
| 2:37 | Create | Villager (Male) |
| 3:04 | Create | Villager (Male) |
| 3:08 | Create | Villager (Male) |
| 3:39 | Create | Villager (Male) |
| 3:39 | Create | Villager (Male) |
| 3:48 | Build | House |
| 4:01 | Create | Villager (Male) |
| 4:12 | Build | Mill |
| 4:38 | Create | Villager (Male) |
| 4:50 | Create | Villager (Male) |
| 5:21 | Build | House |
| 5:29 | Create | Villager (Male) |
| 5:30 | Create | Villager (Male) |
| 5:58 | Create | Villager (Male) |
| 5:59 | Create | Villager (Male) |
| 6:21 | Create | Villager (Male) |
| 6:30 | Create | Villager (Male) |
| 6:47 | Build | Mill |
| 6:51 | Create | Villager (Male) |
| 7:44 | Create | Villager (Male) |
| 8:16 | Create | Villager (Male) |
| 8:22 | Research | Feudal Age |
| 8:23 | Research | Feudal Age |
| 8:26 | Build | Farm |
| 8:47 | Build | Mining Camp |
| 9:47 | Create | Villager (Male) |
| 9:48 | Create | Villager (Male) |
| 10:02 | Build | House |
| 10:27 | Age | Feudal Age |
| 10:28 | Create | Villager (Male) |
| 10:38 | Build | Market |
| 10:51 | Build | Blacksmith |
| 10:53 | Create | Villager (Male) |
| 11:24 | Build | Farm |
| 11:43 | Research | Castle Age |
| 11:43 | Research | Castle Age |
| 12:47 | Research | Double-Bit Axe |
| 12:47 | Research | Double-Bit Axe |
| 12:48 | Research | Loom |
| 12:49 | Research | Loom |
| 12:54 | Build | House |
| 12:59 | Build | Farm |
| 13:27 | Build | House |
| 14:08 | Age | Castle Age |
| 14:13 | Build | Town Center |
| 14:16 | Create | Villager (Male) |
| 14:16 | Create | Villager (Male) |
| 14:42 | Create | Villager (Male) |
| 14:52 | Build | Town Center |
| 14:59 | Create | Villager (Male) |
| 15:40 | Create | Villager (Male) |
| 15:41 | Create | Villager (Male) |
| 15:41 | Create | Villager (Male) |
| 15:43 | Build | Farm |
| 15:44 | Build | Farm |
| 15:45 | Build | Farm |
| 15:46 | Build | Farm |
| 15:47 | Create | Villager (Male) |
| 16:02 | Create | Villager (Male) |
| 16:04 | Build | Farm |
| 16:10 | Build | House |
| 16:20 | Create | Villager (Male) |
| 16:29 | Build | Farm |
| 16:57 | Create | Villager (Male) |
| 17:05 | Build | Farm |
| 17:06 | Build | Farm |
| 17:32 | Create | Villager (Male) |
| 17:33 | Create | Villager (Male) |
| 17:35 | Build | Farm |
| 17:38 | Build | Farm |
| 17:39 | Build | Farm |
| 17:44 | Create | Villager (Male) |
| 17:56 | Build | House |
| 17:56 | Build | House |
| 18:04 | Build | Farm |
| 18:06 | Create | Villager (Male) |
| 18:11 | Create | Villager (Male) |
| 18:12 | Create | Villager (Male) |
| 18:13 | Create | Villager (Male) |
| 18:18 | Build | Farm |
| 18:39 | Create | Villager (Male) |
| 18:40 | Create | Villager (Male) |
| 18:54 | Build | Town Center |
| 18:55 | Create | Villager (Male) |
| 19:25 | Create | Villager (Male) |
| 19:25 | Create | Villager (Male) |
| 19:30 | Build | House |
| 19:30 | Build | House |
| 19:33 | Create | Villager (Male) |
| 19:34 | Create | Villager (Male) |
| 19:47 | Build | Barracks |
| 20:03 | Build | Palisade Wall |
| 20:10 | Build | Palisade Wall |
| 20:11 | Build | Palisade Wall |
| 20:13 | Build | Palisade Wall |
| 20:19 | Create | Villager (Male) |
| 20:19 | Create | Villager (Male) |
| 20:23 | Create | Villager (Male) |
| 20:24 | Create | Villager (Male) |
| 20:30 | Build | Farm |
| 20:34 | Research | Wheelbarrow |
| 20:47 | Build | Stable |
| 21:06 | Build | Stable |
| 21:06 | Create | Villager (Male) |
| 21:07 | Create | Villager (Male) |
| 21:07 | Create | Villager (Male) |
| 21:35 | Build | Castle |
| 21:46 | Create | Villager (Male) |
| 21:47 | Create | Villager (Male) |
| 21:47 | Create | Villager (Male) |
| 21:49 | Create | Camel Scout |
| 21:49 | Create | Camel Scout |
| 21:59 | Build | Farm |
| 22:01 | Create | Camel Scout |
| 22:01 | Create | Camel Scout |
| 22:01 | Create | Camel Scout |
| 22:14 | Create | Villager (Male) |
| 22:14 | Create | Villager (Male) |
| 22:26 | Create | Villager (Male) |
| 22:28 | Build | Farm |
| 22:29 | Build | Farm |
| 22:33 | Build | Farm |
| 22:38 | Research | Scale Barding Armor |
| 22:38 | Research | Scale Barding Armor |
| 22:40 | Create | Camel Scout |
| 23:01 | Research | Forging |
| 23:06 | Build | House |
| 23:06 | Build | House |
| 23:07 | Build | House |
| 23:07 | Build | House |
| 23:08 | Build | House |
| 23:16 | Build | Farm |
| 23:20 | Build | Farm |
| 23:22 | Research | Bloodlines |
| 23:22 | Research | Bloodlines |
| 23:34 | Build | Farm |
| 23:38 | Create | Camel Scout |
| 23:38 | Create | Camel Scout |
| 23:56 | Research | Gold Mining |
Build order — hatke104
First 150 of 527 actions detected
| 0:01 | Create | Villager (Male) |
| 0:01 | Create | Villager (Male) |
| 0:01 | Create | Villager (Male) |
| 0:01 | Create | Villager (Male) |
| 0:01 | Create | Villager (Male) |
| 0:02 | Create | Villager (Male) |
| 0:03 | Build | House |
| 0:04 | Build | House |
| 1:28 | Create | Villager (Male) |
| 1:28 | Create | Villager (Male) |
| 1:28 | Create | Villager (Male) |
| 1:43 | Create | Villager (Male) |
| 1:43 | Create | Villager (Male) |
| 1:43 | Create | Villager (Male) |
| 2:13 | Create | Villager (Male) |
| 2:13 | Create | Villager (Male) |
| 2:18 | Build | Lumber Camp |
| 2:29 | Create | Villager (Male) |
| 2:29 | Create | Villager (Male) |
| 2:58 | Create | Villager (Male) |
| 2:58 | Create | Villager (Male) |
| 3:31 | Create | Villager (Male) |
| 3:31 | Create | Villager (Male) |
| 3:31 | Create | Villager (Male) |
| 3:34 | Build | House |
| 3:46 | Create | Villager (Male) |
| 3:46 | Create | Villager (Male) |
| 4:13 | Build | House |
| 4:31 | Create | Villager (Male) |
| 4:32 | Create | Villager (Male) |
| 4:32 | Create | Villager (Male) |
| 4:32 | Create | Villager (Male) |
| 4:32 | Create | Villager (Male) |
| 4:54 | Build | House |
| 5:13 | Create | Villager (Male) |
| 5:14 | Create | Villager (Male) |
| 5:14 | Create | Villager (Male) |
| 5:21 | Create | Villager (Male) |
| 5:22 | Create | Villager (Male) |
| 5:22 | Create | Villager (Male) |
| 6:21 | Create | Villager (Male) |
| 6:21 | Create | Villager (Male) |
| 6:21 | Create | Villager (Male) |
| 6:22 | Create | Villager (Male) |
| 6:22 | Create | Villager (Male) |
| 6:22 | Create | Villager (Male) |
| 6:26 | Build | Mill |
| 6:29 | Create | Villager (Male) |
| 6:30 | Create | Villager (Male) |
| 6:30 | Create | Villager (Male) |
| 6:53 | Build | Mining Camp |
| 8:29 | Build | Mining Camp |
| 9:07 | Research | Feudal Age |
| 9:08 | Research | Feudal Age |
| 9:42 | Build | Farm |
| 9:47 | Build | Farm |
| 11:13 | Create | Villager (Male) |
| 11:13 | Create | Villager (Male) |
| 11:46 | Age | Feudal Age |
| 12:00 | Build | Blacksmith |
| 12:09 | Build | Market |
| 12:37 | Research | Loom |
| 12:56 | Research | Castle Age |
| 13:01 | Research | Double-Bit Axe |
| 13:22 | Build | Farm |
| 13:48 | Research | Horse Collar |
| 13:49 | Research | Horse Collar |
| 13:49 | Research | Horse Collar |
| 14:08 | Build | House |
| 14:09 | Build | House |
| 14:10 | Build | House |
| 14:38 | Create | Villager (Male) |
| 14:38 | Create | Villager (Male) |
| 15:28 | Build | Farm |
| 15:30 | Build | Farm |
| 15:42 | Age | Castle Age |
| 15:49 | Build | Castle |
| 16:01 | Build | Town Center |
| 16:05 | Research | Bow Saw |
| 16:06 | Research | Bow Saw |
| 16:07 | Research | Gold Mining |
| 16:08 | Research | Gold Mining |
| 16:08 | Research | Gold Mining |
| 16:23 | Build | House |
| 16:24 | Build | House |
| 16:26 | Create | Villager (Male) |
| 16:51 | Create | Villager (Male) |
| 16:51 | Create | Villager (Male) |
| 16:52 | Create | Villager (Male) |
| 17:03 | Build | Farm |
| 17:16 | Build | Farm |
| 17:16 | Build | Farm |
| 17:17 | Build | Farm |
| 17:17 | Build | Farm |
| 17:17 | Build | Farm |
| 17:18 | Create | Villager (Male) |
| 17:18 | Create | Villager (Male) |
| 17:18 | Create | Villager (Male) |
| 17:31 | Build | Farm |
| 17:52 | Create | Villager (Male) |
| 17:52 | Create | Villager (Male) |
| 18:06 | Create | Villager (Male) |
| 18:06 | Create | Villager (Male) |
| 18:10 | Build | Farm |
| 18:11 | Create | Mangudai |
| 18:12 | Create | Mangudai |
| 18:12 | Create | Mangudai |
| 18:27 | Create | Villager (Male) |
| 18:27 | Create | Villager (Male) |
| 18:29 | Create | Mangudai |
| 18:34 | Create | Villager (Male) |
| 18:35 | Create | Villager (Male) |
| 18:52 | Build | Farm |
| 18:55 | Build | Farm |
| 18:56 | Create | Villager (Male) |
| 18:56 | Create | Villager (Male) |
| 18:56 | Create | Villager (Male) |
| 18:58 | Build | Farm |
| 19:06 | Create | Mangudai |
| 19:07 | Create | Mangudai |
| 19:07 | Create | Villager (Male) |
| 19:08 | Create | Villager (Male) |
| 19:20 | Create | Villager (Male) |
| 19:21 | Create | Villager (Male) |
| 19:27 | Create | Villager (Male) |
| 19:32 | Build | Farm |
| 19:46 | Build | Farm |
| 19:46 | Build | Farm |
| 19:47 | Build | Farm |
| 20:03 | Create | Villager (Male) |
| 20:03 | Create | Villager (Male) |
| 20:12 | Build | Farm |
| 20:19 | Create | Villager (Male) |
| 20:20 | Create | Villager (Male) |
| 20:28 | Create | Villager (Male) |
| 20:32 | Build | Mill |
| 20:33 | Build | Farm |
| 20:33 | Build | Farm |
| 20:33 | Build | Farm |
| 20:38 | Build | Farm |
| 20:40 | Create | Villager (Male) |
| 20:49 | Create | Villager (Male) |
| 20:54 | Research | Fletching |
| 20:54 | Research | Fletching |
| 20:56 | Create | Villager (Male) |
| 20:56 | Create | Villager (Male) |
| 21:17 | Create | Villager (Male) |
| 21:19 | Create | Villager (Male) |
| 21:20 | Build | Farm |
| 21:21 | Create | Villager (Male) |
Build order — [VPKT] MeelTex
First 150 of 335 actions detected
| 0:01 | Create | Villager (Male) |
| 0:02 | Create | Villager (Male) |
| 0:03 | Build | House |
| 0:04 | Build | House |
| 0:14 | Create | Villager (Male) |
| 0:14 | Create | Villager (Male) |
| 0:15 | Create | Villager (Male) |
| 0:15 | Create | Villager (Male) |
| 0:15 | Create | Villager (Male) |
| 1:24 | Create | Villager (Male) |
| 1:50 | Build | Lumber Camp |
| 2:08 | Create | Villager (Male) |
| 2:09 | Create | Villager (Male) |
| 2:24 | Create | Villager (Male) |
| 2:24 | Create | Villager (Male) |
| 2:55 | Create | Villager (Male) |
| 2:55 | Create | Villager (Male) |
| 3:05 | Create | Villager (Male) |
| 3:05 | Create | Villager (Male) |
| 3:25 | Build | House |
| 3:48 | Create | Villager (Male) |
| 3:48 | Create | Villager (Male) |
| 4:08 | Create | Villager (Male) |
| 4:08 | Create | Villager (Male) |
| 4:39 | Create | Villager (Male) |
| 4:40 | Create | Villager (Male) |
| 5:08 | Build | Mill |
| 5:32 | Create | Villager (Male) |
| 5:32 | Create | Villager (Male) |
| 5:41 | Build | House |
| 6:18 | Research | Loom |
| 6:19 | Create | Villager (Male) |
| 6:20 | Create | Villager (Male) |
| 6:59 | Create | Villager (Male) |
| 7:57 | Research | Feudal Age |
| 8:08 | Build | Barracks |
| 9:29 | Build | House |
| 10:08 | Age | Feudal Age |
| 10:10 | Build | Stable |
| 10:13 | Create | Villager (Male) |
| 10:13 | Create | Villager (Male) |
| 10:13 | Create | Villager (Male) |
| 10:14 | Create | Villager (Male) |
| 10:33 | Build | Lumber Camp |
| 10:43 | Build | Mill |
| 10:55 | Create | Scout Cavalry |
| 10:55 | Create | Scout Cavalry |
| 10:56 | Create | Scout Cavalry |
| 11:45 | Build | Palisade Wall |
| 11:50 | Build | Farm |
| 11:51 | Build | Farm |
| 11:53 | Build | Farm |
| 11:54 | Build | Farm |
| 11:55 | Build | Farm |
| 11:58 | Create | Villager (Male) |
| 11:58 | Create | Villager (Male) |
| 12:02 | Create | Scout Cavalry |
| 12:02 | Create | Scout Cavalry |
| 12:03 | Create | Scout Cavalry |
| 12:29 | Build | House |
| 12:33 | Research | Wheelbarrow |
| 12:57 | Build | Mining Camp |
| 12:59 | Create | Villager (Male) |
| 13:00 | Create | Villager (Male) |
| 13:05 | Build | House |
| 13:06 | Build | House |
| 13:07 | Build | House |
| 13:44 | Build | Blacksmith |
| 13:50 | Create | Villager (Male) |
| 13:50 | Create | Villager (Male) |
| 13:53 | Create | Scout Cavalry |
| 13:54 | Create | Scout Cavalry |
| 14:12 | Build | Stone Wall |
| 14:16 | Create | Villager (Male) |
| 14:16 | Create | Villager (Male) |
| 14:16 | Create | Villager (Male) |
| 15:57 | Create | Villager (Male) |
| 15:57 | Create | Villager (Male) |
| 15:58 | Create | Villager (Male) |
| 15:58 | Create | Villager (Male) |
| 16:05 | Build | Mining Camp |
| 16:21 | Build | Stone Wall |
| 16:43 | Build | Farm |
| 16:43 | Build | Farm |
| 16:43 | Build | Farm |
| 16:44 | Build | Farm |
| 16:44 | Build | Farm |
| 16:44 | Build | Farm |
| 16:45 | Build | Farm |
| 16:48 | Build | Farm |
| 17:31 | Build | Stone Wall |
| 18:01 | Build | Farm |
| 18:03 | Build | Farm |
| 18:04 | Build | Farm |
| 18:06 | Build | Farm |
| 18:15 | Create | Villager (Male) |
| 18:15 | Create | Villager (Male) |
| 18:29 | Build | Gate |
| 20:01 | Build | Farm |
| 20:02 | Build | Farm |
| 20:05 | Research | Castle Age |
| 20:23 | Build | Stone Wall |
| 20:42 | Build | Stable |
| 20:48 | Research | Double-Bit Axe |
| 20:51 | Research | Horse Collar |
| 20:55 | Research | Gold Mining |
| 21:13 | Build | Stone Wall |
| 21:17 | Build | Farm |
| 21:32 | Build | Gate |
| 22:21 | Build | Stable |
| 22:45 | Age | Castle Age |
| 22:49 | Research | Bloodlines |
| 22:50 | Create | Knight |
| 22:51 | Create | Knight |
| 22:58 | Research | Scale Barding Armor |
| 22:59 | Research | Forging |
| 23:08 | Build | Monastery |
| 23:10 | Create | Villager (Male) |
| 23:10 | Create | Villager (Male) |
| 23:10 | Create | Villager (Male) |
| 23:20 | Create | Knight |
| 23:24 | Create | Knight |
| 23:37 | Create | Knight |
| 23:39 | Create | Knight |
| 24:07 | Create | Knight |
| 24:43 | Create | Villager (Male) |
| 24:43 | Create | Villager (Male) |
| 24:44 | Create | Villager (Male) |
| 24:44 | Create | Villager (Male) |
| 24:55 | Research | Chain Barding Armor |
| 25:46 | Create | Knight |
| 25:46 | Create | Knight |
| 25:46 | Create | Knight |
| 25:48 | Create | Villager (Male) |
| 25:48 | Create | Villager (Male) |
| 25:54 | Build | House |
| 25:54 | Build | House |
| 25:55 | Build | House |
| 26:07 | Create | Knight |
| 26:07 | Create | Knight |
| 26:09 | Create | Villager (Male) |
| 26:09 | Create | Villager (Male) |
| 26:09 | Create | Villager (Male) |
| 26:15 | Build | Farm |
| 26:18 | Create | Monk |
| 26:41 | Create | Villager (Male) |
| 26:41 | Create | Villager (Male) |
| 26:47 | Research | Iron Casting |
| 26:52 | Create | Villager (Male) |
| 27:04 | Build | Town Center |
Build order — donte
First 150 of 442 actions detected
| 0:02 | Create | Villager (Male) |
| 0:03 | Create | Villager (Male) |
| 0:03 | Create | Villager (Male) |
| 0:06 | Build | House |
| 0:08 | Build | House |
| 0:13 | Create | Villager (Male) |
| 0:13 | Create | Villager (Male) |
| 0:13 | Create | Villager (Male) |
| 1:32 | Create | Villager (Male) |
| 1:32 | Create | Villager (Male) |
| 2:01 | Create | Villager (Male) |
| 2:14 | Build | Lumber Camp |
| 2:38 | Create | Villager (Male) |
| 2:38 | Create | Villager (Male) |
| 2:38 | Create | Villager (Male) |
| 2:38 | Create | Villager (Male) |
| 3:01 | Create | Villager (Male) |
| 3:01 | Create | Villager (Male) |
| 3:30 | Create | Villager (Male) |
| 3:30 | Create | Villager (Male) |
| 3:51 | Build | House |
| 4:04 | Create | Villager (Male) |
| 4:04 | Create | Villager (Male) |
| 4:04 | Create | Villager (Male) |
| 4:53 | Create | Villager (Male) |
| 4:53 | Create | Villager (Male) |
| 4:54 | Create | Villager (Male) |
| 5:19 | Create | Villager (Male) |
| 5:20 | Create | Villager (Male) |
| 5:48 | Create | Villager (Male) |
| 6:04 | Build | Mill |
| 6:25 | Create | Villager (Male) |
| 6:32 | Create | Villager (Male) |
| 6:54 | Research | Loom |
| 6:54 | Create | Villager (Male) |
| 6:55 | Create | Villager (Male) |
| 6:58 | Build | House |
| 7:29 | Build | House |
| 7:30 | Build | House |
| 7:54 | Create | Villager (Male) |
| 7:54 | Create | Villager (Male) |
| 7:55 | Create | Villager (Male) |
| 8:16 | Create | Villager (Male) |
| 9:01 | Build | Mill |
| 9:11 | Research | Feudal Age |
| 9:21 | Build | Mining Camp |
| 10:02 | Build | Lumber Camp |
| 11:10 | Build | Farm |
| 11:10 | Build | Farm |
| 11:10 | Build | Farm |
| 11:14 | Build | Farm |
| 11:19 | Build | Farm |
| 11:20 | Build | Farm |
| 11:25 | Build | Farm |
| 11:26 | Build | Farm |
| 11:26 | Build | Farm |
| 11:31 | Build | Farm |
| 11:38 | Age | Feudal Age |
| 11:42 | Create | Villager (Male) |
| 11:43 | Create | Villager (Male) |
| 12:41 | Research | Castle Age |
| 13:45 | Research | Double-Bit Axe |
| 14:24 | Build | Lumber Camp |
| 14:43 | Create | Villager (Male) |
| 14:43 | Create | Villager (Male) |
| 15:21 | Age | Castle Age |
| 15:27 | Build | Town Center |
| 15:51 | Research | Bow Saw |
| 16:07 | Build | Town Center |
| 16:19 | Create | Villager (Male) |
| 16:21 | Research | Bow Saw |
| 16:25 | Research | Horse Collar |
| 16:38 | Build | Farm |
| 16:39 | Build | Farm |
| 16:39 | Build | Farm |
| 16:39 | Build | Farm |
| 16:41 | Build | Farm |
| 16:42 | Build | Farm |
| 16:43 | Build | Farm |
| 16:43 | Build | Farm |
| 16:43 | Build | Farm |
| 16:43 | Build | Farm |
| 16:44 | Build | Farm |
| 16:44 | Build | Farm |
| 16:44 | Build | Farm |
| 16:45 | Build | Farm |
| 16:45 | Build | Farm |
| 16:46 | Build | Farm |
| 16:46 | Build | Farm |
| 16:46 | Build | Farm |
| 16:46 | Build | Farm |
| 16:47 | Build | Farm |
| 16:47 | Build | Farm |
| 16:47 | Build | Farm |
| 16:49 | Create | Villager (Male) |
| 16:49 | Create | Villager (Male) |
| 17:31 | Build | House |
| 17:32 | Build | House |
| 17:33 | Build | House |
| 17:34 | Build | House |
| 17:35 | Build | House |
| 17:36 | Build | House |
| 17:38 | Build | House |
| 17:39 | Build | House |
| 17:40 | Create | Villager (Male) |
| 17:41 | Create | Villager (Male) |
| 17:41 | Create | Villager (Male) |
| 17:49 | Build | Farm |
| 17:49 | Build | Farm |
| 17:49 | Build | Farm |
| 17:49 | Build | Farm |
| 17:50 | Build | Farm |
| 18:00 | Build | Farm |
| 18:00 | Build | Farm |
| 18:00 | Build | Farm |
| 18:02 | Build | Farm |
| 18:02 | Build | Farm |
| 18:02 | Build | Farm |
| 18:03 | Build | Farm |
| 18:03 | Build | Farm |
| 18:03 | Build | Farm |
| 18:19 | Build | Farm |
| 18:19 | Build | Farm |
| 18:20 | Build | Farm |
| 18:22 | Create | Villager (Male) |
| 18:22 | Create | Villager (Male) |
| 18:32 | Create | Villager (Male) |
| 18:32 | Create | Villager (Male) |
| 18:42 | Create | Villager (Male) |
| 18:42 | Create | Villager (Male) |
| 18:55 | Build | Market |
| 19:02 | Create | Villager (Male) |
| 19:02 | Create | Villager (Male) |
| 19:03 | Create | Villager (Male) |
| 19:03 | Create | Villager (Male) |
| 19:09 | Create | Villager (Male) |
| 19:09 | Create | Villager (Male) |
| 19:18 | Create | Villager (Male) |
| 19:18 | Create | Villager (Male) |
| 19:35 | Build | Farm |
| 19:35 | Build | Farm |
| 19:35 | Build | Farm |
| 19:36 | Build | Farm |
| 19:38 | Create | Villager (Male) |
| 19:38 | Create | Villager (Male) |
| 19:38 | Create | Villager (Male) |
| 19:44 | Create | Villager (Male) |
| 19:44 | Create | Villager (Male) |
| 19:44 | Create | Villager (Male) |
| 19:52 | Create | Villager (Male) |
Build order — VPKT malili
137 actions detected in the replay
| 0:03 | Create | Villager (Male) |
| 0:03 | Create | Villager (Male) |
| 0:03 | Create | Villager (Male) |
| 0:05 | Build | House |
| 0:07 | Build | House |
| 1:00 | Create | Villager (Male) |
| 1:00 | Create | Villager (Male) |
| 1:52 | Create | Villager (Male) |
| 1:52 | Create | Villager (Male) |
| 1:53 | Create | Villager (Male) |
| 2:45 | Create | Villager (Male) |
| 2:45 | Create | Villager (Male) |
| 2:45 | Create | Villager (Male) |
| 3:04 | Create | Villager (Male) |
| 3:05 | Create | Villager (Male) |
| 3:48 | Create | Villager (Male) |
| 3:48 | Create | Villager (Male) |
| 3:48 | Create | Villager (Male) |
| 3:48 | Create | Villager (Male) |
| 4:19 | Build | Lumber Camp |
| 4:29 | Create | Villager (Male) |
| 4:40 | Build | House |
| 4:43 | Build | House |
| 4:50 | Create | Villager (Male) |
| 4:50 | Create | Villager (Male) |
| 5:28 | Create | Villager (Male) |
| 5:28 | Create | Villager (Male) |
| 7:04 | Create | Villager (Male) |
| 7:04 | Create | Villager (Male) |
| 7:05 | Create | Villager (Male) |
| 7:37 | Build | Mill |
| 8:01 | Create | Villager (Male) |
| 8:02 | Create | Villager (Male) |
| 8:58 | Build | House |
| 9:15 | Research | Feudal Age |
| 9:20 | Research | Loom |
| 9:52 | Build | Barracks |
| 10:19 | Build | Mining Camp |
| 10:35 | Build | Farm |
| 10:36 | Build | Farm |
| 10:36 | Build | Farm |
| 11:25 | Age | Feudal Age |
| 11:54 | Create | Villager (Male) |
| 11:54 | Create | Villager (Male) |
| 12:18 | Build | Archery Range |
| 12:26 | Build | Blacksmith |
| 12:36 | Create | Villager (Male) |
| 12:58 | Build | House |
| 13:01 | Build | House |
| 13:24 | Research | Castle Age |
| 13:44 | Build | Palisade Wall |
| 14:03 | Build | Mining Camp |
| 14:08 | Research | Double-Bit Axe |
| 16:04 | Age | Castle Age |
| 16:34 | Build | Stable |
| 16:52 | Build | Town Center |
| 17:01 | Create | Villager (Male) |
| 17:02 | Create | Villager (Male) |
| 17:02 | Create | Villager (Male) |
| 17:11 | Research | Thumb Ring |
| 17:12 | Research | Thumb Ring |
| 17:51 | Build | Town Center |
| 18:06 | Research | Bloodlines |
| 18:09 | Create | Steppe Lancer |
| 18:10 | Create | Steppe Lancer |
| 18:10 | Create | Steppe Lancer |
| 18:17 | Build | Farm |
| 18:37 | Research | Husbandry |
| 19:10 | Create | Villager (Male) |
| 19:10 | Create | Villager (Male) |
| 19:11 | Create | Villager (Male) |
| 20:17 | Build | Castle |
| 20:29 | Create | Villager (Male) |
| 20:30 | Create | Villager (Male) |
| 21:16 | Create | Villager (Male) |
| 21:49 | Create | Mangudai |
| 21:49 | Create | Mangudai |
| 21:49 | Create | Mangudai |
| 21:50 | Create | Mangudai |
| 21:50 | Create | Mangudai |
| 22:57 | Build | Lumber Camp |
| 23:31 | Research | Town Watch |
| 24:39 | Create | Mangudai |
| 24:39 | Create | Mangudai |
| 25:05 | Build | University |
| 25:16 | Build | Lumber Camp |
| 26:06 | Create | Mangudai |
| 26:07 | Create | Mangudai |
| 26:07 | Create | Mangudai |
| 26:35 | Create | Villager (Male) |
| 26:36 | Create | Villager (Male) |
| 26:43 | Build | House |
| 27:09 | Build | Mining Camp |
| 27:39 | Build | Palisade Gate |
| 27:51 | Create | Mangudai |
| 27:51 | Create | Mangudai |
| 28:17 | Build | Palisade Gate |
| 28:25 | Build | House |
| 29:08 | Research | Gold Mining |
| 29:23 | Build | Market |
| 29:28 | Create | Mangudai |
| 29:29 | Create | Mangudai |
| 29:29 | Create | Mangudai |
| 29:29 | Create | Mangudai |
| 29:30 | Create | Mangudai |
| 29:30 | Create | Mangudai |
| 29:30 | Create | Mangudai |
| 29:31 | Create | Mangudai |
| 30:08 | Build | Castle |
| 30:33 | Build | Castle |
| 30:54 | Research | Ballistics |
| 31:08 | Create | Villager (Male) |
| 31:08 | Create | Villager (Male) |
| 31:18 | Build | Farm |
| 31:18 | Build | Farm |
| 31:19 | Build | Farm |
| 32:42 | Create | Mangudai |
| 32:42 | Create | Mangudai |
| 32:45 | Research | Fletching |
| 32:55 | Build | Farm |
| 32:56 | Build | Farm |
| 32:56 | Build | Farm |
| 32:57 | Build | Farm |
| 33:12 | Create | Mangudai |
| 33:25 | Build | Farm |
| 33:48 | Create | Villager (Male) |
| 33:48 | Create | Villager (Male) |
| 35:22 | Build | Siege Workshop |
| 35:30 | Research | Bodkin Arrow |
| 36:42 | Create | Scorpion |
| 36:43 | Create | Scorpion |
| 36:43 | Create | Scorpion |
| 36:51 | Build | Mining Camp |
| 37:27 | Build | Barracks |
| 37:28 | Build | Barracks |
| 37:55 | Research | Pikeman (upgrade) |
| 38:00 | Research | Squires |
Build order — 刀他(她)
First 150 of 223 actions detected
| 0:02 | Create | Villager (Male) |
| 0:03 | Create | Villager (Male) |
| 0:04 | Build | House |
| 0:05 | Build | House |
| 0:09 | Create | Villager (Male) |
| 0:09 | Create | Villager (Male) |
| 0:09 | Create | Villager (Male) |
| 1:37 | Create | Villager (Male) |
| 1:37 | Create | Villager (Male) |
| 1:51 | Build | Lumber Camp |
| 2:02 | Create | Villager (Male) |
| 2:02 | Create | Villager (Male) |
| 2:23 | Create | Villager (Male) |
| 2:23 | Create | Villager (Male) |
| 3:03 | Create | Villager (Male) |
| 3:03 | Create | Villager (Male) |
| 4:00 | Create | Villager (Male) |
| 4:00 | Create | Villager (Male) |
| 4:01 | Create | Villager (Male) |
| 4:01 | Create | Villager (Male) |
| 4:05 | Build | House |
| 4:25 | Create | Villager (Male) |
| 4:58 | Build | Mill |
| 5:37 | Create | Villager (Male) |
| 5:37 | Create | Villager (Male) |
| 5:37 | Create | Villager (Male) |
| 6:04 | Create | Villager (Male) |
| 6:13 | Build | House |
| 6:14 | Build | House |
| 6:54 | Create | Villager (Male) |
| 7:01 | Build | Barracks |
| 7:18 | Create | Villager (Male) |
| 7:45 | Create | Villager (Male) |
| 7:48 | Build | Mining Camp |
| 8:22 | Research | Feudal Age |
| 10:09 | Create | Villager (Male) |
| 10:10 | Create | Villager (Male) |
| 10:32 | Age | Feudal Age |
| 10:42 | Build | Blacksmith |
| 10:47 | Build | Market |
| 11:01 | Build | Mining Camp |
| 11:10 | Create | Villager (Male) |
| 11:42 | Research | Castle Age |
| 11:42 | Research | Castle Age |
| 12:25 | Research | Double-Bit Axe |
| 13:35 | Build | House |
| 13:38 | Build | House |
| 13:46 | Build | Palisade Wall |
| 14:06 | Create | Villager (Male) |
| 14:07 | Create | Villager (Male) |
| 14:27 | Age | Castle Age |
| 14:41 | Build | Castle |
| 14:51 | Build | Castle |
| 15:16 | Research | Loom |
| 16:40 | Create | Villager (Male) |
| 16:56 | Create | Villager (Male) |
| 17:10 | Build | Farm |
| 17:34 | Build | Farm |
| 17:37 | Create | Villager (Male) |
| 17:52 | Create | Hussite Wagon |
| 17:52 | Create | Hussite Wagon |
| 17:57 | Create | Villager (Male) |
| 17:58 | Create | Villager (Male) |
| 17:58 | Create | Villager (Male) |
| 18:06 | Build | Farm |
| 18:27 | Create | Hussite Wagon |
| 18:28 | Create | Hussite Wagon |
| 18:46 | Build | Farm |
| 19:10 | Build | Farm |
| 19:13 | Create | Villager (Male) |
| 19:32 | Create | Hussite Wagon |
| 19:51 | Build | Farm |
| 19:52 | Create | Villager (Male) |
| 20:20 | Create | Villager (Male) |
| 20:21 | Create | Hussite Wagon |
| 20:22 | Create | Hussite Wagon |
| 20:45 | Create | Villager (Male) |
| 21:01 | Create | Hussite Wagon |
| 21:04 | Create | Villager (Male) |
| 21:26 | Create | Hussite Wagon |
| 21:44 | Create | Hussite Wagon |
| 21:45 | Create | Villager (Male) |
| 21:45 | Create | Villager (Male) |
| 22:05 | Create | Villager (Male) |
| 22:11 | Create | Hussite Wagon |
| 22:46 | Create | Villager (Male) |
| 22:50 | Create | Hussite Wagon |
| 22:50 | Create | Hussite Wagon |
| 22:50 | Create | Hussite Wagon |
| 23:19 | Create | Villager (Male) |
| 23:19 | Create | Villager (Male) |
| 23:20 | Create | Villager (Male) |
| 23:22 | Create | Hussite Wagon |
| 24:00 | Create | Villager (Male) |
| 24:21 | Build | Siege Workshop |
| 24:38 | Create | Hussite Wagon |
| 24:39 | Create | Villager (Male) |
| 24:39 | Create | Villager (Male) |
| 25:07 | Create | Hussite Wagon |
| 25:08 | Create | Villager (Male) |
| 25:24 | Create | Hussite Wagon |
| 25:36 | Create | Villager (Male) |
| 25:50 | Create | Hussite Wagon |
| 25:56 | Build | Lumber Camp |
| 26:23 | Create | Villager (Male) |
| 26:29 | Create | Villager (Male) |
| 26:31 | Create | Hussite Wagon |
| 26:55 | Create | Villager (Male) |
| 27:06 | Create | Hussite Wagon |
| 27:30 | Create | Hussite Wagon |
| 27:47 | Create | Hussite Wagon |
| 27:49 | Create | Villager (Male) |
| 27:50 | Create | Villager (Male) |
| 28:29 | Build | Castle |
| 28:37 | Build | Mining Camp |
| 28:38 | Create | Villager (Male) |
| 28:49 | Create | Hussite Wagon |
| 29:29 | Create | Villager (Male) |
| 29:31 | Build | Farm |
| 29:36 | Build | Stone Wall |
| 29:38 | Build | Gate |
| 29:49 | Create | Villager (Male) |
| 29:50 | Create | Hussite Wagon |
| 30:04 | Create | Hussite Wagon |
| 30:04 | Create | Hussite Wagon |
| 30:05 | Create | Villager (Male) |
| 30:15 | Build | Stone Wall |
| 30:26 | Create | Villager (Male) |
| 30:30 | Build | Farm |
| 30:45 | Create | Hussite Wagon |
| 30:46 | Create | Villager (Male) |
| 30:51 | Build | Farm |
| 31:05 | Create | Villager (Male) |
| 31:20 | Create | Villager (Male) |
| 31:32 | Create | Hussite Wagon |
| 31:44 | Create | Petard |
| 31:45 | Create | Petard |
| 31:54 | Create | Hussite Wagon |
| 32:05 | Create | Petard |
| 32:07 | Create | Hussite Wagon |
| 32:08 | Create | Hussite Wagon |
| 32:26 | Create | Villager (Male) |
| 32:28 | Create | Hussite Wagon |
| 32:28 | Create | Hussite Wagon |
| 32:46 | Create | Villager (Male) |
| 32:47 | Create | Hussite Wagon |
| 32:48 | Create | Hussite Wagon |
| 33:06 | Build | Lumber Camp |
| 33:12 | Create | Villager (Male) |
| 33:40 | Create | Villager (Male) |
Build order — [VPKT] Anteo
First 150 of 212 actions detected
| 0:01 | Create | Villager (Male) |
| 0:02 | Create | Villager (Male) |
| 0:02 | Create | Villager (Male) |
| 0:04 | Build | House |
| 0:08 | Build | House |
| 0:29 | Create | Villager (Male) |
| 1:20 | Create | Villager (Male) |
| 1:45 | Create | Villager (Male) |
| 1:55 | Build | Lumber Camp |
| 2:12 | Create | Villager (Male) |
| 2:34 | Create | Villager (Male) |
| 2:34 | Create | Villager (Male) |
| 2:42 | Build | House |
| 3:04 | Create | Villager (Male) |
| 3:43 | Create | Villager (Male) |
| 3:44 | Create | Villager (Male) |
| 4:07 | Create | Villager (Male) |
| 5:10 | Create | Villager (Male) |
| 5:55 | Create | Villager (Male) |
| 5:58 | Create | Villager (Male) |
| 6:00 | Research | Loom |
| 6:18 | Build | Mining Camp |
| 7:18 | Research | Feudal Age |
| 7:38 | Build | House |
| 7:50 | Build | Barracks |
| 9:19 | Create | Villager (Male) |
| 9:21 | Create | Villager (Male) |
| 9:27 | Age | Feudal Age |
| 9:33 | Build | Archery Range |
| 9:49 | Build | Blacksmith |
| 10:12 | Create | Villager (Male) |
| 10:18 | Build | Archery Range |
| 10:21 | Create | Archer |
| 10:27 | Create | Villager (Male) |
| 10:44 | Research | Double-Bit Axe |
| 10:58 | Create | Archer |
| 10:59 | Create | Archer |
| 11:08 | Build | House |
| 11:42 | Create | Archer |
| 11:43 | Create | Archer |
| 11:47 | Build | House |
| 11:49 | Create | Villager (Male) |
| 12:09 | Research | Fletching |
| 12:23 | Build | House |
| 12:37 | Create | Archer |
| 12:37 | Create | Archer |
| 12:41 | Create | Villager (Male) |
| 12:54 | Build | Mill |
| 12:59 | Create | Archer |
| 12:59 | Create | Archer |
| 13:20 | Create | Archer |
| 13:21 | Create | Archer |
| 13:45 | Create | Archer |
| 13:45 | Create | Archer |
| 14:00 | Create | Archer |
| 14:01 | Create | Archer |
| 14:08 | Create | Villager (Male) |
| 15:18 | Create | Villager (Male) |
| 15:18 | Create | Villager (Male) |
| 15:19 | Create | Villager (Male) |
| 15:52 | Create | Villager (Male) |
| 16:02 | Create | Villager (Male) |
| 16:41 | Create | Villager (Male) |
| 16:45 | Build | Farm |
| 16:45 | Build | Farm |
| 16:46 | Build | Farm |
| 16:46 | Build | Farm |
| 16:46 | Build | Farm |
| 16:47 | Build | Farm |
| 16:47 | Build | Farm |
| 16:47 | Build | Farm |
| 17:14 | Build | House |
| 17:46 | Build | Farm |
| 17:47 | Build | Farm |
| 17:50 | Build | Farm |
| 17:53 | Build | Farm |
| 18:02 | Build | Farm |
| 18:08 | Create | Archer |
| 18:08 | Create | Archer |
| 18:33 | Build | Farm |
| 18:36 | Build | Farm |
| 18:44 | Create | Archer |
| 18:44 | Create | Archer |
| 19:24 | Create | Archer |
| 19:24 | Create | Archer |
| 19:31 | Build | House |
| 20:03 | Build | Stone Wall |
| 20:18 | Create | Archer |
| 20:18 | Create | Archer |
| 20:23 | Build | House |
| 21:11 | Build | Stone Wall |
| 22:04 | Research | Castle Age |
| 22:28 | Research | Padded Archer Armor |
| 24:44 | Age | Castle Age |
| 24:49 | Research | Crossbowman (upgrade) |
| 24:54 | Research | Bodkin Arrow |
| 25:15 | Build | Town Center |
| 25:37 | Create | Villager (Male) |
| 25:55 | Create | Villager (Male) |
| 26:09 | Create | Archer |
| 26:09 | Create | Archer |
| 26:11 | Create | Villager (Male) |
| 26:12 | Create | Villager (Male) |
| 26:20 | Create | Archer |
| 26:21 | Create | Archer |
| 26:49 | Create | Villager (Male) |
| 26:49 | Create | Villager (Male) |
| 26:50 | Create | Villager (Male) |
| 27:37 | Create | Villager (Male) |
| 27:37 | Create | Villager (Male) |
| 27:47 | Create | Villager (Male) |
| 27:48 | Create | Villager (Male) |
| 27:48 | Create | Villager (Male) |
| 28:00 | Create | Archer |
| 28:00 | Create | Archer |
| 28:26 | Create | Archer |
| 28:27 | Create | Archer |
| 28:33 | Create | Villager (Male) |
| 28:33 | Create | Villager (Male) |
| 28:34 | Create | Villager (Male) |
| 28:57 | Build | House |
| 29:24 | Build | Town Center |
| 29:25 | Create | Villager (Male) |
| 29:26 | Create | Villager (Male) |
| 29:27 | Create | Villager (Male) |
| 29:48 | Build | Gate |
| 29:53 | Create | Villager (Male) |
| 29:53 | Create | Villager (Male) |
| 29:54 | Create | Villager (Male) |
| 30:33 | Create | Villager (Male) |
| 30:34 | Create | Villager (Male) |
| 30:34 | Create | Villager (Male) |
| 30:35 | Create | Villager (Male) |
| 30:35 | Create | Villager (Male) |
| 30:57 | Build | House |
| 30:59 | Create | Villager (Male) |
| 30:59 | Create | Villager (Male) |
| 31:14 | Build | Mining Camp |
| 31:15 | Create | Villager (Male) |
| 31:16 | Create | Villager (Male) |
| 31:32 | Build | Farm |
| 31:32 | Build | Farm |
| 31:33 | Build | Farm |
| 31:33 | Build | Farm |
| 31:33 | Build | Farm |
| 31:33 | Build | Farm |
| 31:34 | Build | Farm |
| 31:34 | Build | Farm |
| 31:35 | Build | Farm |
| 31:35 | Build | Farm |
Build order — PapusPopus
First 150 of 311 actions detected
| 0:02 | Create | Villager (Male) ×4 |
| 0:04 | Build | House |
| 0:05 | Build | House |
| 1:48 | Create | Villager (Male) |
| 1:49 | Create | Villager (Male) |
| 2:01 | Create | Villager (Male) |
| 2:01 | Create | Villager (Male) |
| 2:23 | Build | Lumber Camp |
| 2:26 | Create | Villager (Male) |
| 2:27 | Create | Villager (Male) |
| 2:56 | Create | Villager (Male) |
| 2:56 | Create | Villager (Male) |
| 2:56 | Create | Villager (Male) |
| 3:27 | Create | Villager (Male) |
| 4:04 | Build | House |
| 4:12 | Create | Villager (Male) |
| 4:13 | Create | Villager (Male) |
| 4:13 | Create | Villager (Male) |
| 4:29 | Create | Villager (Male) |
| 4:29 | Create | Villager (Male) |
| 4:37 | Build | Mill |
| 5:22 | Create | Villager (Male) |
| 5:22 | Create | Villager (Male) |
| 5:36 | Create | Villager (Male) |
| 5:37 | Create | Villager (Male) |
| 6:12 | Create | Villager (Male) |
| 6:12 | Create | Villager (Male) |
| 6:35 | Create | Villager (Male) |
| 6:44 | Build | House |
| 6:48 | Research | Loom |
| 6:49 | Create | Villager (Male) |
| 6:50 | Create | Villager (Male) |
| 6:56 | Research | Loom |
| 6:57 | Create | Villager (Male) |
| 6:57 | Create | Villager (Male) |
| 7:31 | Create | Villager (Male) |
| 7:31 | Create | Villager (Male) |
| 7:35 | Build | House |
| 7:56 | Create | Villager (Male) |
| 7:58 | Build | Mining Camp |
| 8:42 | Research | Feudal Age |
| 10:20 | Create | Villager (Male) |
| 10:20 | Create | Villager (Male) |
| 11:37 | Age | Feudal Age |
| 11:42 | Create | Villager (Male) |
| 11:47 | Build | Market |
| 11:49 | Build | Blacksmith |
| 12:03 | Research | Double-Bit Axe |
| 12:07 | Research | Horse Collar |
| 12:30 | Build | Barracks |
| 12:47 | Research | Castle Age |
| 13:32 | Build | Farm |
| 13:33 | Build | Farm |
| 13:36 | Build | Farm |
| 13:37 | Build | Farm |
| 13:46 | Build | Stable |
| 14:15 | Build | House |
| 14:17 | Build | House |
| 14:18 | Build | House |
| 14:28 | Create | Spearman |
| 14:28 | Create | Spearman |
| 14:45 | Build | Stable |
| 14:55 | Create | Villager (Male) |
| 15:02 | Build | Farm |
| 15:05 | Build | Farm |
| 15:11 | Build | Farm |
| 15:32 | Age | Castle Age |
| 15:38 | Create | Camel Scout |
| 15:47 | Create | Camel Scout |
| 16:02 | Create | Villager (Male) |
| 16:02 | Create | Villager (Male) |
| 16:17 | Build | Town Center |
| 16:24 | Create | Camel Scout |
| 16:24 | Create | Camel Scout |
| 16:46 | Create | Villager (Male) |
| 16:52 | Build | Farm |
| 16:56 | Build | Farm |
| 16:58 | Build | Farm |
| 17:05 | Create | Camel Scout |
| 17:05 | Create | Camel Scout |
| 17:43 | Create | Villager (Male) |
| 17:44 | Create | Villager (Male) |
| 17:54 | Create | Camel Scout |
| 17:54 | Create | Camel Scout |
| 18:05 | Build | Farm |
| 18:09 | Build | Farm |
| 18:20 | Create | Villager (Male) |
| 18:25 | Create | Camel Scout |
| 18:33 | Build | Farm |
| 18:34 | Build | Farm |
| 18:37 | Build | Farm |
| 18:43 | Build | Farm |
| 18:45 | Create | Villager (Male) |
| 18:45 | Create | Villager (Male) |
| 19:08 | Create | Villager (Male) |
| 19:08 | Create | Villager (Male) |
| 19:14 | Build | Farm |
| 19:16 | Build | Farm |
| 19:42 | Create | Villager (Male) |
| 19:43 | Create | Villager (Male) |
| 19:44 | Build | Farm |
| 19:48 | Build | Farm |
| 20:02 | Create | Villager (Male) |
| 20:02 | Create | Villager (Male) |
| 20:12 | Build | House |
| 20:13 | Build | House |
| 20:16 | Build | House |
| 20:22 | Research | Wheelbarrow |
| 20:38 | Create | Villager (Male) |
| 20:45 | Research | Forging |
| 20:45 | Research | Forging |
| 21:03 | Create | Villager (Male) |
| 21:04 | Create | Villager (Male) |
| 21:06 | Build | Farm |
| 21:07 | Build | Farm |
| 21:19 | Create | Camel Scout |
| 21:19 | Create | Camel Scout |
| 21:54 | Create | Villager (Male) |
| 21:55 | Create | Villager (Male) |
| 21:56 | Build | Farm |
| 21:59 | Build | Farm |
| 22:47 | Research | Iron Casting |
| 23:16 | Create | Villager (Male) ×5 |
| 23:19 | Build | Farm |
| 23:21 | Build | Farm |
| 23:26 | Build | Farm |
| 23:27 | Build | Farm |
| 23:28 | Build | Farm |
| 23:30 | Build | Farm |
| 23:30 | Build | Farm |
| 23:31 | Build | Farm |
| 23:55 | Research | Husbandry |
| 24:19 | Create | Camel Scout |
| 24:19 | Create | Camel Scout |
| 24:20 | Create | Camel Scout |
| 24:30 | Research | Scale Barding Armor |
| 24:30 | Research | Scale Barding Armor |
| 24:53 | Create | Villager (Male) |
| 24:53 | Create | Villager (Male) |
| 24:53 | Create | Villager (Male) |
| 24:56 | Build | House |
| 24:57 | Build | House |
| 24:57 | Build | House |
| 24:58 | Build | House |
| 24:58 | Build | House |
| 24:58 | Build | House |
| 25:14 | Research | Scale Mail Armor |
| 25:16 | Create | Spearman |
| 25:17 | Create | Spearman |
| 25:17 | Create | Spearman |
Match timeline
| 7:01 | 刀他(她) · first_building Barracks |
| 7:50 | [VPKT] Anteo · first_building Barracks |
| 8:08 | [VPKT] MeelTex · first_building Barracks |
| 9:27 | [VPKT] Anteo · age_up feudal |
| 9:33 | [VPKT] Anteo · first_building Archery Range |
| 9:52 | VPKT malili · first_building Barracks |
| 10:08 | [VPKT] MeelTex · age_up feudal |
| 10:10 | [VPKT] MeelTex · first_building Stable |
| 10:27 | NitwoL · age_up feudal |
| 10:32 | 刀他(她) · age_up feudal |
| 11:25 | VPKT malili · age_up feudal |
| 11:37 | PapusPopus · age_up feudal |
| 11:38 | donte · age_up feudal |
| 11:45 | [VPKT] MeelTex · wall_segment Palisade Wall x7 |
| 11:46 | hatke104 · age_up feudal |
| 12:18 | VPKT malili · first_building Archery Range |
| 12:30 | PapusPopus · first_building Barracks |
| 13:44 | VPKT malili · wall_segment Palisade Wall x1 |
| 13:46 | 刀他(她) · wall_segment Palisade Wall x1 |
| 13:46 | PapusPopus · first_building Stable |
| 14:02 | 刀他(她) · first_market_sell 100 food |
| 14:03 | 刀他(她) · first_market_buy 100 stone |
| 14:08 | NitwoL · age_up castle |
| 14:12 | [VPKT] MeelTex · wall_segment Stone Wall x11 |
| 14:27 | 刀他(她) · age_up castle |
| 14:41 | 刀他(她) · first_building Castle |
| 15:21 | donte · age_up castle |
| 15:32 | PapusPopus · age_up castle |
| 15:42 | hatke104 · age_up castle |
| 15:49 | hatke104 · first_building Castle |
| 16:04 | VPKT malili · age_up castle |
| 16:21 | [VPKT] MeelTex · wall_segment Stone Wall x20 |
| 16:34 | VPKT malili · first_building Stable |
| 17:31 | [VPKT] MeelTex · wall_segment Stone Wall x15 |
| 18:09 | NitwoL · first_market_buy 100 food |
| 19:47 | NitwoL · first_building Barracks |
| 20:03 | NitwoL · wall_segment Palisade Wall x7 |
| 20:03 | [VPKT] Anteo · wall_segment Stone Wall x6 |
| 20:10 | NitwoL · wall_segment Palisade Wall x2 |
| 20:11 | NitwoL · wall_segment Palisade Wall x3 |
| 20:13 | NitwoL · wall_segment Palisade Wall x4 |
| 20:17 | VPKT malili · first_building Castle |
| 20:23 | [VPKT] MeelTex · wall_segment Stone Wall x20 |
| 20:47 | NitwoL · first_building Stable |
| 20:58 | donte · first_market_buy 100 stone |
| 21:11 | [VPKT] Anteo · wall_segment Stone Wall x11 |
| 21:13 | [VPKT] MeelTex · wall_segment Stone Wall x12 |
| 21:35 | NitwoL · first_building Castle |
| 22:45 | [VPKT] MeelTex · age_up castle |
| 23:08 | [VPKT] MeelTex · first_building Monastery |
| 24:21 | 刀他(她) · first_building Siege Workshop |
| 24:44 | [VPKT] Anteo · age_up castle |
| 26:20 | PapusPopus · first_market_buy 100 wood |
| 26:53 | PapusPopus · first_building Monastery |
| 27:08 | donte · first_market_sell 100 food |
| 28:15 | hatke104 · first_market_sell 100 wood |
| 28:52 | donte · first_building Castle |
| 29:25 | NitwoL · first_building Monastery |
| 29:36 | hatke104 · first_building Barracks |
| 29:36 | 刀他(她) · wall_segment Stone Wall x8 |
| 30:15 | 刀他(她) · wall_segment Stone Wall x4 |
| 30:20 | hatke104 · first_market_buy 100 wood |
| 30:27 | donte · age_up imperial |
| 30:29 | PapusPopus · first_market_sell 100 wood |
| 31:17 | hatke104 · first_building Stable |
| 31:20 | hatke104 · first_building Archery Range |
| 31:45 | hatke104 · age_up imperial |
| 32:07 | [VPKT] Anteo · wall_segment Stone Wall x6 |
| 32:30 | NitwoL · first_market_sell 100 wood |
| 32:50 | donte · wall_segment Stone Wall x16 |
| 32:52 | PapusPopus · first_building Castle |
| 33:43 | PapusPopus · age_up imperial |
| 34:36 | NitwoL · age_up imperial |
| 34:50 | [VPKT] Anteo · first_building Siege Workshop |
| 35:22 | VPKT malili · first_building Siege Workshop |
| 35:28 | hatke104 · first_building Siege Workshop |
| 36:02 | donte · first_building Stable |
| 36:09 | VPKT malili · first_market_buy 100 wood |
| 38:49 | [VPKT] MeelTex · first_building Castle |
| 39:05 | hatke104 · wall_segment Stone Wall x14 |
| 39:44 | [VPKT] Anteo · first_building Castle |
| 39:47 | [VPKT] MeelTex · age_up imperial |
| 40:25 | VPKT malili · resign |
| 40:52 | donte · first_building Siege Workshop |
[ AI ANALYSIS · 1 CREDIT ]
What really happened in this match?
Wolo.gg analyzes every decision: build order, eco, micro, common mistakes by bracket. Personalized analysis on WhatsApp or Discord in 30 seconds.
Civ guide
Persians
Perfil
Jugador #21029623